 Dungeon Crawl Stone Soup version 0.29-a0-356-g7bc237e783 (webtiles) character file.

Game seed: 12043220921095816722

66 Querens the Conjurer (level 3, 0/19 HPs)
             Began as a Deep Elf Conjurer on Apr 26, 2022.
             Slain by an orc priest
             ... wielding a +0 club
              (2 damage)
             ... on level 2 of the Dungeon.
             The game lasted 00:03:39 (581 turns).

Querens the Conjurer (Deep Elf Conjurer)             Turns: 581, Time: 00:03:39

Health: 0/19       AC:  6    Str:  6    XL:     3   Next: 96%
Magic:  0/9        EV: 11    Int: 22    God:
Gold:   32         SH:  4    Dex: 13    Spells: 7/10 levels left

rFire   . . .      SeeInvis .   d - +0 dagger
rCold   . . .      Faith    .   e - +0 buckler
rNeg    . . .      Spirit   .   m - +0 troll leather armour
rPois   .          Reflect  .   (no helmet)
rElec   .          Harm     .   (no cloak)
rCorr   .          Rampage  .   (no gloves)
Will    .....                   (no boots)
Stlth   ++........              (no amulet)
HPRegen 0.86/turn               (no ring)
MPRegen 0.11/turn               (no ring)

@: no status effects
A: iridescent scales 1, low MP 1, sense surroundings 1
a: no special abilities


You were on level 2 of the Dungeon.
You visited 1 branch of the dungeon, and saw 2 of its levels.

You collected 32 gold pieces.

Inventory:

Hand Weapons
 d - a +0 dagger (weapon)
Armour
 e - a +0 buckler (worn)
 m - a +0 troll leather armour (worn)
Jewellery
 h - a ring of flight
Scrolls
 g - a scroll of blinking {unknown}
 k - 3 scrolls of vulnerability {unknown}
Potions
 c - a potion of mutation
 i - a potion of haste {unknown}
 j - a potion of flight {unknown}
 l - a potion of invisibility {unknown}
 n - a potion of cancellation {unknown}


   Skills:
 - Level 2.4 Dodging
 - Level 2.4 Stealth
 + Level 1.3 Shields
 + Level 4.3 Spellcasting
 + Level 5.0 Conjurations


You had 7 spell levels left.
You knew the following spells:

 Your Spells              Type           Power      Damage    Failure   Level
a - Magic Dart            Conj           100%       1d8       2%          1
b - Searing Ray           Conj           54%        2d6       4%          2

Your spell library contained the following spells:

 Spells                   Type           Power      Damage    Failure   Level
 Dazzling Flash           Conj/Hex       30%        N/A       24%         3
 Fulminant Prism          Conj/Hex       7%         3d7       63%         4
 Iskenderun's Mystic Bla  Conj/Tloc      15%        2d5       63%         4


Dungeon Overview and Level Annotations

Branches:
Dungeon (2/15)

Altars:
Okawaru


Innate Abilities, Weirdness & Mutations

You are partially covered in iridescent scales. (AC +2)
Your magical capacity is low. (-10% MP)
You passively map a small area around you.


Message History

The searing ray hits the orc priest.
The orc priest is lightly wounded. (Press . to maintain the ray.)
A hobgoblin comes into view.
The orc priest invokes the aid of Beogh against you.
Pain shoots through your body!
The searing ray misses the orc priest.
The orc priest hits you but does no damage.
The searing ray hits the orc priest!
The orc priest is heavily wounded.
The searing ray hits the hobgoblin.
The hobgoblin is heavily wounded.
The orc priest hits you but does no damage.
The searing ray hits the orc priest.
The orc priest is severely wounded.
The searing ray misses the hobgoblin.
You finish channelling your searing ray.
The orc priest hits you with a +0 club.
Casting: Searing Ray (safe; 4% risk of failure)
Confirm with . or Enter, or press ? or * to list all spells.
Aiming: Searing Ray (safe; 4% risk of failure)
Press: ? - help, Shift-Dir - straight line, f/p - orc priest
Aim: an orc priest, wielding a +0 club and wearing a +0 scale mail (severely wounded, 82% to hit)
The searing ray misses the orc priest.
The searing ray hits the hobgoblin.
You kill the hobgoblin! (Press . to maintain the ray.)
The orc priest hits you with a +0 club.
The searing ray misses the orc priest.
The orc priest hits you but does no damage.
The searing ray hits the orc priest.
The orc priest is almost dead.
The orc priest calls down the wrath of Beogh upon you.
Beogh smites you!
Ouch! That really hurt!
* * * LOW HITPOINT WARNING * * *
The searing ray hits the orc priest but does no damage.
The orc priest is almost dead.
You finish channelling your searing ray.
The orc priest hits you with a +0 club.
You die...

#.###.# .. #...## *
#.# #.# ####.##....#
#.# #.# ......#....
..#
#.#######........
### #......##<....†.
,
..########.##.....†#
.........#.# #†#
#.#........#######.#
#...†..........)@o†#
*
#..#....############
#.<.....# *, .., *
.....##.# ... ,
.....##<###..<. , ,
......>........ ,
...##..........
...[.....†..### *
#####.....### *


You could see an orc priest.

Vanquished Creatures
  An orc wizard (D:2)
  A worm (D:2)
  An orc (D:2)
  4 endoplasms
  A giant cockroach (D:1)
  5 goblins
  4 hobgoblins
  3 jackals (D:2)
  A kobold (D:1)
  A quokka (D:1)
  3 ball pythons
  4 bats
  A frilled lizard (D:1)
  3 rats
33 creatures vanquished.

Notes
Turn   | Place    | Note
-------+----------+-------------------------------------------
     0 | D:1      | Querens the Deep Elf Conjurer began the quest for the Orb.
     0 | D:1      | Reached XP level 1. HP: 10/10 MP: 6/6
   118 | D:1      | Found a faded altar of an unknown god.
   161 | D:1      | Reached XP level 2. HP: 15/15 MP: 2/8
   189 | D:1      | Learned a level 2 spell: Searing Ray
   383 | D:1      | Found an iron altar of Okawaru.
   460 | D:2      | Reached XP level 3. HP: 19/19 MP: 1/10
   546 | D:2      | Reached skill level 1 in Shields
   552 | D:2      | Reached skill level 5 in Conjurations
   571 | D:2      | Gained mutation: You are partially covered in iridescent
                  | scales. (AC +2) [potion of mutation]
   571 | D:2      | Gained mutation: You passively map a small area around you.
                  | [potion of mutation]
   571 | D:2      | Gained mutation: Your magical capacity is low. (-10% MP)
                  | [potion of mutation]
   581 | D:2      | Slain by an orc priest

Illustrated notes

Levels and vault maps discovered:
D:1:      dpeg_arrival_rooms_a, layout_rooms, ebering_ecumenical_altar_hall,
          kennysheep_flooded_box, grunt_decor_one_mirror
D:2:      layout_basic, basic_altar, patterned_corridor

Skill      XL: |  1  2  3 |
---------------+----------+-----
Shields        | 1 |  1.3
Spellcasting   | 4 |  4.3
Conjurations   | 5 |  5.0
Dodging        | |  2.4
Stealth        | |  2.4

Action                   || total
-------------------------++-------
Melee: Dagger            ||    18
 Cast: Magic Dart        ||    23
       Searing Ray       ||    10
  Use: Potion            ||     3
 Stab: Sleeping          ||     1
Armor: Robe              ||     4
       Troll leather arm ||     7
Dodge: Dodged            ||    19
Block: Buckler           ||     5

Table legend: (Time is in decaauts)
 A = Elapsed time spent in this place.
 B = Non-inter-level travel time spent in this place.
 C = Inter-level travel time spent in this place.
 D = Time resting spent in this place.
 E = Time spent auto-exploring this place.
 F = Levels seen in this place.
 G = Mean time per level.
                   A        B        C        D        E       F      G
               +--------+--------+--------+--------+--------+-----+--------+
         Total |    581 |    567 |     14 |      0 |      0 |   2 |  290.5 |
       Dungeon |    581 |    567 |     14 |      0 |      0 |   2 |  290.5 |
               +--------+--------+--------+--------+--------+-----+--------+

Top non-repeatable levels by time:
     D:1: 448 daAuts
     D:2: 132 daAuts
